AoeStats
← gifted

Oasis

510262770Analyzed
3v3 RM · 24h ago on Sep 30, 2026· 19m 5s· 6 players
Game mode
Random Map
Map size
Normal (6 player)
Population
200
Speed
Normal
Resources
Standard
Victory
Conquest
Starting age
Dark Age
Ending age
Imperial Age
RankedLock teamsTeams togetherTeam positionsShared explorationLock speedFull tech treeHidden civsTurbo modeCheats
Victory
Defeat
🇦🇺 Sicilians · Australia
1454
+14
🇻🇳 Britons · Vietnam
1361
+18
🇺🇸 Aztecs · United States
1298
+20
🇲🇽 Maya · Mexico
1428
-18
🇺🇸 Georgians · United States
1401
-17
🇲🇽 Huns · Mexico
1384
-17
GEN0S
0:26 Loom
9:50 Feudal Age
10:52 Double-Bit Axe
alexisjcw
8:55 Feudal Age
9:12 Loom
12:01 Wheelbarrow
12:46 Scale Barding Armor
14:56 Forging
King Spartacus
12:10 Feudal Age
13:38 Loom
16:00 Castle Age
14:03 Horse Collar
14:28 Double-Bit Axe
peterzjx
6:31 Loom
13:51 Feudal Age
14:00 Man-at-Arms
17:35 Fletching
mryendl2410
10:48 Feudal Age
14:46 Castle Age
12:44 Double-Bit Axe
13:02 Horse Collar
13:32 Fletching
13:37 Gold Mining
14:08 Fletching
15:28 Padded Archer Armor
15:26 Bodkin Arrow
15:34 Crossbowman
16:51 Padded Archer Armor
gifted
10:08 Feudal Age
10:07 Loom
11:16 Double-Bit Axe
12:52 Horse Collar
17:10 Castle Age
Connection lost

Rejoining the realm…

Still unreachable

The connection could not be restored.

Session expired

The server has moved on; the page needs a fresh start.